 Dungeon Crawl Stone Soup version 0.26-a0-612-gd4d190f45e (webtiles) character file.

Game seed: 17691504449389640020

130 Peloso the Shield-Bearer (level 4, -2/35 HPs)
             Began as a Demonspawn Fighter on Sept 10, 2020.
             Slain by a scorpion (3 damage)
             ... on level 4 of the Dungeon.
             The game lasted 00:04:23 (2871 turns).

Peloso the Shield-Bearer (Demonspawn Fighter)       Turns: 2871, Time: 00:04:24

Health: -2/35      AC:  6    Str: 17    XL:     4   Next: 90%
Magic:  4/4        EV:  7    Int:  9    God:
Gold:   194        SH: 10    Dex: 13    Spells: 3/3 levels left

rFire    + . .     SeeInvis .   a - +0 long sword
rCold    . . .     Faith    .   c - +1 kite shield
rNeg     . . .     Spirit   .   i - +0 scale mail
rPois    .         Reflect  .   (no helmet)
rElec    .         Harm     .   (no cloak)
rCorr    .         Rnd*Tele +   (no gloves)
MR       .....                  (no boots)
Stlth    ..........             (no amulet)
HPRegen  0.11/turn              k - ring of teleportation (curse)
MPRegen  0.09/turn              (no ring)

@: no status effects
A: fire resistance 1
a: no special abilities


You were on level 4 of the Dungeon.
You visited 1 branch of the dungeon, and saw 4 of its levels.

You collected 194 gold pieces.

Inventory:

Hand Weapons
 a - a +0 long sword (weapon)
 b - a +0 short sword of venom
Armour
 c - a +1 kite shield (worn)
 i - a +0 scale mail (worn)
Jewellery
 k - a cursed ring of teleportation (left hand)
Scrolls
 e - 2 scrolls of fog {unknown}
 j - a scroll of blinking {unknown}
 n - a scroll of amnesia {unknown}
 o - a scroll of enchant armour
 p - a scroll of remove curse
 q - 2 scrolls of identify
Potions
 d - a potion of might
 f - a potion of curing {unknown}
 g - a potion of lignification {unknown}
 h - a potion of degeneration {unknown}
 l - a potion of flight
 m - a potion of stabbing {unknown}


   Skills:
 + Level 3.4 Fighting
 + Level 2.6 Long Blades
 + Level 3.3 Armour
 + Level 0.9 Dodging
 + Level 0.3 Stealth
 + Level 3.6 Shields


You had 3 spell levels left.
You didn't know any spells.
Your spell library was empty.

Dungeon Overview and Level Annotations

Branches:
Dungeon (4/15)
 Temple: D:4-7

Altars:
Uskayaw

Annotations:
D:4 Eustachio


Innate Abilities, Weirdness & Mutations

Your flesh is heat resistant. (rF+)


Message History

The adder bites you but does no damage. The worm barely misses you.
You block the worm's attack.
You slash the worm!
You kill the worm!
The adder bites you.
* * * LOW HITPOINT WARNING * * *
The orc hits you with a +0 hand axe.
* * * LOW HITPOINT WARNING * * *
You block the orc's attack. The orc hits you but does no damage.
The worm bites you but does no damage. The adder bites you but does no damage.
Found a robe.
A scorpion comes into view.
The worm bites you.
* * * LOW HITPOINT WARNING * * *
Found 12 gold pieces.
Okay, then.
You block the scorpion's attack. You block the adder's attack.
The scorpion stings you.
You die...

#.......#....<...#
#..o....#........#
##oo.....#.o......#
........##........####
...#....###..w........
...#....# #....oo.###
...+....# #....o..#
...#....# #....sS.#
...#....# #.....@.#
...#....#
#..$..........
...####$#
###.##.###.... #..#.#
### ## #.# ... ... ...


You could see a worm, a scorpion, an orc wizard, an adder and 3 orcs.

Vanquished Creatures
  An orc wizard (D:3)
  3 adders
  4 worms
  A dart slug (D:1)
  4 leopard geckos
  5 orcs
  A ball python (D:3)
  8 bats
  4 giant cockroaches
  A goblin (D:1)
  4 hobgoblins
  4 jackals (D:2)
  7 kobolds
  A frilled lizard (D:4)
  8 rats
56 creatures vanquished.

Notes
Turn   | Place    | Note
-------+----------+-------------------------------------------
     0 | D:1      | Peloso the Demonspawn Fighter began the quest for the Orb.
     0 | D:1      | Reached XP level 1. HP: 18/18 MP: 1/1
   373 | D:1      | Gained mutation: Your flesh is heat resistant. (rF+)
                  | [demonic ancestry]
   373 | D:1      | Reached XP level 2. HP: 24/24 MP: 2/2
   947 | D:2      | Reached XP level 3. HP: 28/29 MP: 3/3
  1868 | D:3      | Found a hide-covered altar of Uskayaw.
  1884 | D:3      | Reached XP level 4. HP: 21/35 MP: 4/4
  2742 | D:3      | Found a faded altar of an unknown god.
  2844 | D:4      | Noticed Eustachio
  2865 | D:4      | HP: 1/35 [worm (1)]
  2871 | D:4      | Slain by a scorpion

Illustrated notes

Levels and vault maps discovered:
D:1:      wander_arrival_peaceful_grave, layout_basic
D:2:      layout_basic
D:3:      layout_loops_ring, eat_drink_and_be_merry_uskayaw,
          chequers_ecumenical_altar_grove
D:4:      layout_basic, skrybe_limestone_x, uniq_eustachio

Skill      XL: |  1  2 |
---------------+-------+-----
Shields        | 3 |  3.6
Long Blades    | 2 |  2.6
Armour         | 3 |  3.3
Fighting       | |  3.4
Dodging        | |  0.9
Stealth        | |  0.3

Action                   |  1- 3 |  4- 6 || total
-------------------------+-------+-------++-------
Melee: Long sword        |   120 |    58 ||   178
  Use: Scroll            |     6 |       ||     6
Armor: Scale mail        |    61 |    40 ||   101
Dodge: Dodged            |    45 |    21 ||    66
Block: Kite shield       |    71 |    50 ||   121
       Rpst.: Long sword |    15 |     8 ||    23

Table legend: (Time is in decaauts)
 A = Elapsed time spent in this place.
 B = Non-inter-level travel time spent in this place.
 C = Inter-level travel time spent in this place.
 D = Time resting spent in this place.
 E = Time spent auto-exploring this place.
 F = Levels seen in this place.
 G = Mean time per level.
                   A        B        C        D        E       F      G
               +--------+--------+--------+--------+--------+-----+--------+
         Total |   2934 |   2845 |     89 |    145 |   2166 |   4 |  733.5 |
       Dungeon |   2934 |   2845 |     89 |    145 |   2166 |   4 |  733.5 |
               +--------+--------+--------+--------+--------+-----+--------+

Top non-repeatable levels by time:
     D:2: 1206 daAuts
     D:1: 854 daAuts
     D:3: 808 daAuts
     D:4: 66 daAuts
